 Dungeon Crawl Stone Soup version 0.27.0-1-g7a089689b8 (webtiles) character file.

Game seed: 6548992327168713926

73 Leibowitz the Cutter (level 3, 0/29 HPs)
             Began as a Demigod Gladiator on Aug 9, 2021.
             Slain by a goblin (1 damage)
             ... on level 3 of the Dungeon.
             The game lasted 00:03:56 (2154 turns).

Leibowitz the Cutter (Demigod Gladiator)            Turns: 2154, Time: 00:03:56

Health: 0/29       AC:  4    Str: 15    XL:     3   Next: 83%
Magic:  5/5        EV: 13    Int: 10    God:
Gold:   64         SH:  0    Dex: 19    Spells: 2/2 levels left

rFire    . . .     SeeInvis .   a - +0 rapier
rCold    + . .     Faith    .   (no shield)
rNeg     . . .     Spirit   .   b - +0 leather armour
rPois    +         Reflect  .   c - +0 helmet
rElec    .         Harm     .   (no cloak)
rCorr    .         Rampage  .   (no gloves)
Will     .....                  (no boots)
Stlth    ++........             (no amulet)
HPRegen  0.09/turn              j - ring of protection from cold
MPRegen  0.09/turn              t - ring of poison resistance

@: no status effects
A: high mp 1, forlorn
a: no special abilities


You were on level 3 of the Dungeon.
You visited 1 branch of the dungeon, and saw 3 of its levels.

You collected 64 gold pieces.

Inventory:

Hand Weapons
 a - a +0 rapier (weapon)
Missiles
 d - 3 throwing nets (quivered)
 m - 40 poisoned darts
Armour
 b - a +0 leather armour (worn)
 c - a +0 helmet (worn)
Jewellery
 j - a ring of protection from cold (left hand)
 k - a ring of see invisible
 o - a ring of poison resistance
 t - a ring of poison resistance (right hand)
Scrolls
 e - 2 scrolls of teleportation {unknown}
 f - a scroll of amnesia {unknown}
 g - 3 scrolls of identify {unknown}
 h - a scroll of vulnerability {unknown}
 i - a scroll of magic mapping {unknown}
 p - a scroll of blinking {unknown}
 r - 3 scrolls of enchant armour {unknown}
Potions
 l - a potion of lignification {unknown}
 n - a potion of haste {unknown}
 q - a potion of curing {unknown}
 s - a potion of attraction {unknown}


   Skills:
 + Level 2.0 Fighting
 + Level 3.2 Short Blades
 - Level 1.7 Throwing
 + Level 1.5 Armour
 + Level 3.1 Dodging
 * Level 1.3 Stealth


You had 2 spell levels left.
You didn't know any spells.
Your spell library was empty.

Dungeon Overview and Level Annotations

Branches:
Dungeon (3/15)

Annotations:
D:3 3 runed translucent doors, FIQ's ghost, amateur DjFE


Innate Abilities, Weirdness & Mutations

Your attributes grow dramatically as you level up.
You have an increased reservoir of magic. (+10% MP)
You shall have no god before yourself.


Message History

The bat hits you but does no damage.
You hit the bat.
You kill the bat!
Found a hunting sling.
Found a stone staircase leading down.
There is a stone staircase leading down here.
As you open the door, it creaks loudly!
An orc comes into view. It is wielding a +0 flail.
The orc shouts!
A goblin comes into view. It is wielding a +0 club.
There is an open door here.
The orc hits you with a +0 flail.
You hit the orc but do no damage. The orc barely misses you.
You hit the orc but do no damage. The orc barely misses you.
The goblin hits you with a +0 club.
You hit the orc but do no damage. The orc hits you with a +0 flail!
The goblin hits you but does no damage.
You hit the orc but do no damage. The orc barely misses you.
The goblin misses you.
You hit the orc but do no damage. The orc hits you with a +0 flail!
The goblin hits you with a +0 club.
You barely miss the orc. The orc hits you with a +0 flail.
* * * LOW HITPOINT WARNING * * *
The goblin hits you but does no damage.
You hit the orc but do no damage. The orc hits you with a +0 flail.
* * * LOW HITPOINT WARNING * * *
The goblin hits you with a +0 club.
* * * LOW HITPOINT WARNING * * *
You hit the orc.
The orc is heavily wounded.
The orc misses you. The goblin misses you.
You hit the orc.
The orc is severely wounded.
The orc closely misses you. The goblin hits you with a +0 club.
* * * LOW HITPOINT WARNING * * *
The orc misses you. The goblin closely misses you.
You hit the orc but do no damage.
The orc is severely wounded.
The goblin hits you with a +0 club.
You die...

#.#####.#.# #...##...
#.#.....#)# #...##...
#.#.....#.# #.†.##...
#.#.....#.###...##.#.
#>...................
######'#..................
#..................†≈......
#..............≈≈...≈......
#.#####...@.....≈≈.#≈≈≈.###
#...go...##≈≈.#..≈≈.
+.........#.#...≈≈...
##.......#..#.≈≈≈####
#........#.≈≈ ###
######.≈... #≈≈.. ≈#.#


You could see an orc and a goblin.

Vanquished Creatures
  2 adders
  3 dart slugs (D:1)
  7 goblins
  5 hobgoblins
  3 jackals (D:2)
  3 quokkas
  6 ball pythons
  5 bats
  3 frilled lizards
  7 kobolds
  5 rats (D:1)
49 creatures vanquished.

Notes
Turn   | Place    | Note
-------+----------+-------------------------------------------
     0 | D:1      | Leibowitz the Demigod Gladiator began the quest for the
                  | Orb.
     0 | D:1      | Reached XP level 1. HP: 17/17 MP: 3/3
   280 | D:1      | Reached XP level 2. HP: 20/24 MP: 4/4
   798 | D:1      | Reached skill level 1 in Armour
   809 | D:1      | Reached skill level 1 in Stealth
  1141 | D:2      | Reached XP level 3. HP: 29/29 MP: 5/5
  1877 | D:3      | Noticed FIQ's ghost (amateur DjFE)
  2073 | D:3      | Found a runed translucent gate.
  2073 | D:3      | Found a runed translucent gate.
  2073 | D:3      | Found a runed translucent gate.
  2153 | D:3      | HP: 1/29 [goblin (3)]
  2154 | D:3      | Slain by a goblin

Illustrated notes

Levels and vault maps discovered:
D:1:      dpeg_arrival_more_subterranean_lakeside_camping, layout_rooms,
          shapermc_ecumenical_altar_totnotflames
D:2:      layout_basic, basic_altar
D:3:      layout_basic, gammafunk_ghost_split, chequers_serial_rivers_small_b,
          minmay_misc_feat_room, minmay_ogre_servants

Skill      XL: |  1  2 |
---------------+-------+-----
Dodging        | 3 |  3.1
Fighting       | 2 |  2.0
Short Blades   | 3 |  3.2
Armour         | 1 |  1.5
Stealth        | 1 |  1.3
Throwing       | |  1.7

Action                   || total
-------------------------++-------
Melee: Rapier            ||   147
 Stab: Sleeping          ||     5
Armor: Leather armour    ||    46
Dodge: Dodged            ||   122
